 Dungeon Crawl Stone Soup version 0.28.0-53-g5a82cb258f (webtiles) character file.

Game seed: 13748024199838096285

3 Logoto the Firebug (level 1, -1/14 HPs)
             Began as a Hill Orc Fire Elementalist on Aug 3, 2022.
             Frozen to death by an endoplasm (4 damage)
             ... on level 1 of the Dungeon.
             The game lasted 00:00:40 (313 turns).

Logoto the Firebug (Hill Orc Fire Elementalist)      Turns: 313, Time: 00:00:40

Health: -1/14      AC:  2    Str: 10    XL:     1   Next: 50%
Magic:  0/3        EV: 12    Int: 15    God:
Gold:   8          SH:  0    Dex: 11    Spells: 2/3 levels left

rFire   . . .      SeeInvis .   (no weapon)
rCold   . . .      Faith    .   (no shield)
rNeg    . . .      Spirit   .   a - +0 robe
rPois   .          Reflect  .   (no helmet)
rElec   .          Harm     .   (no cloak)
rCorr   .          Rampage  .   (no gloves)
Will    .....                   (no boots)
Stlth   ++........              (no amulet)
HPRegen 0.04/turn               (no ring)
MPRegen 0.08/turn               (no ring)

@: very slightly contaminated
A: no striking features
a: no special abilities


You were on level 1 of the Dungeon.
You visited 1 branch of the dungeon, and saw 1 of its levels.

You collected 8 gold pieces.

Inventory:

Armour
 a - a +0 robe (worn)


   Skills:
 + Level 1.6 Dodging
 + Level 1.6 Stealth
 + Level 1.6 Spellcasting
 + Level 1.0 Conjurations
 + Level 3.4 Fire Magic


You had 2 spell levels left.
You knew the following spells:

 Your Spells              Type           Power      Damage    Failure   Level
a - Foxfire               Conj/Fire      28%        2x1d5     10%         1

Your spell library contained the following spells:

 Spells                   Type           Power      Damage    Failure   Level
 Scorch                   Fire           22%        2d6       9%          2
 Conjure Flame            Conj/Fire      7%         6-21      28%         3
 Inner Flame              Hex/Fire       6%         N/A       34%         3
 Flame Wave               Conj/Fire      7%         2d5       67%         4


Dungeon Overview and Level Annotations

Branches:
Dungeon (1/15)

Altars:

Shops:
D:1 ?*


Message History

A dart slug and a kobold come into view.
Found Jymi's Magic Scroll Shop.
The foxfire hits the kobold.
You kill the kobold!
Casting: Foxfire (safe; 10% risk of failure)
Confirm with . or Enter, or press ? or * to list all spells.
You don't have enough magic to cast this spell.
A frilled lizard comes into view.
Found a scroll labelled BEXKAKHLIVVY.
The endoplasm jiggles.
The quokka bites you. The endoplasm hits you.
A kobold comes into view. It is wielding a +0 dagger.
The quokka bites you but does no damage.
The kobold throws a stone.
The stone barely misses you.
A hobgoblin and a dart slug come into view.
Found 17 gold pieces and a scroll labelled BEXKAKHLIVVY.
The kobold throws a stone.
The stone hits you.
Found 11 gold pieces.
The hobgoblin shouts!
You hear a shout!
The kobold throws a stone.
The stone completely misses you.
A kobold comes into view. It is wielding a +0 dagger.
The quokka bites you.
* * * LOW HITPOINT WARNING * * *
The quokka closely misses you. The kobold misses you. The quokka misses you.
The hobgoblin misses you. The hobgoblin hits you.
* * * LOW HITPOINT WARNING * * *
Unknown command.
The hobgoblin closely misses you.
The kobold shouts!
The quokka twitches its whiskers.
Casting: Foxfire (safe; 10% risk of failure)
Confirm with . or Enter, or press ? or * to list all spells.
You miscast Foxfire.
You are very lightly contaminated with residual magic.
Nothing appears to happen.
The quokka twitches its whiskers.
The quokka closely misses you. The endoplasm freezes you.
You are frozen.
You die...

...#####
#.....#############.#
#...K.#..............
#.....#..........##?.
#####.....#..............
#...........)...........#
#.#..............)###....
##...≈≈$.............
.###
#....$_lJ@.........#####
###..#.$≈gr###.......#
.........Kr# #.......#
........K#.# #.......#
.......w.g.# #.......#
.....K...### ......∩
........$# ...#
....?....# .........#


You could see a dart slug, an endoplasm, 2 quokkas, 2 hobgoblins, 4 kobolds and
a frilled lizard.

Vanquished Creatures
  A quokka (D:1)
  A bat (D:1)
  A goblin (D:1)
  A kobold (D:1)
4 creatures vanquished.

Vanquished Creatures (others)
  11 foxfires (D:1)
11 creatures vanquished.

Grand Total: 15 creatures vanquished

Notes
Turn   | Place    | Note
-------+----------+-------------------------------------------
     0 | D:1      | Logoto the Hill Orc Fire Elementalist began the quest for
                  | the Orb.
     0 | D:1      | Reached XP level 1. HP: 14/14 MP: 3/3
   284 | D:1      | Found Neoschets's Assorted Antiques.
   297 | D:1      | Found a faded altar of an unknown god.
   300 | D:1      | Found Jymi's Magic Scroll Shop.
   313 | D:1      | Frozen to death by an endoplasm

Illustrated notes

Levels and vault maps discovered:
D:1:      pf_arrival_petrified_forest, layout_basic,
          hellmonk_ecumenical_altar_pennies_from_heaven, serial_shops,
          nicolae_shop_behind_doors, shop, shop, shop

Action                   || total
-------------------------++-------
Melee: Unarmed           ||     5
 Cast: Foxfire           ||     6
Armor: Robe              ||     3
Dodge: Dodged            ||    17
